 Dungeon Crawl Stone Soup version 0.28-a0-779-g3d1f99b579 (webtiles) character file.

Game seed: 9190522628259478600

581 kae the Ruffian (level 7, -2/57 HPs)
             Began as a Pale Draconian Transmuter on Nov 2, 2021.
             Slain by a hell hog (13 damage)
             ... on level 1 of the Abyss.
             The game lasted 00:03:05 (5717 turns).

kae the Ruffian (Pale Draconian Transmuter)         Turns: 5717, Time: 00:03:06

Health: -2/57      AC:  6    Str: 13    XL:     7   Next: 14%
Magic:  0/11       EV: 12    Int: 15    God:
Gold:   211        SH:  0    Dex: 11    Spells: 4/12 levels left

rFire   . . .      SeeInvis .     - Unarmed
rCold   . . .      Faith    .   (no shield)
rNeg    . . .      Spirit   +   (armour unavailable)
rPois   +          Reflect  .   (helmet restricted)
rElec   .          Harm     .   (no cloak)
rCorr   .          Rampage  .   (no gloves)
Will    .....                   (no boots)
Stlth   +.........              d - amulet of guardian spirit
HPRegen 0.19/turn               c - ring of poison resistance
MPRegen 0.12/turn               (no ring)

@: about to teleport, short of breath, very slightly contaminated
A: breathe steam, AC +6, unfitting armour, cold-blooded, steam resistance
a: Breathe Steam


You were on level 1 of the Abyss.
You visited 2 branches of the dungeon, and saw 5 of its levels.
You visited the Abyss 1 time.

You collected 211 gold pieces.

Inventory:

Jewellery
 c - a ring of poison resistance (left hand)
 d - an amulet of guardian spirit (around neck)
Wands
 b - a wand of digging (4)
 k - a wand of iceblast (7)
Scrolls
 f - 2 scrolls of identify
 h - a scroll of magic mapping
 j - a scroll of fog {unknown}
 l - a scroll of enchant armour
 m - a scroll of amnesia {unknown}
Potions
 a - a potion of attraction
 e - a potion of brilliance {unknown}
 i - 2 potions of haste {unknown}


   Skills:
 + Level 3.4 Fighting
 + Level 3.3 Dodging
 * Level 5.1 Unarmed Combat
 + Level 3.1 Spellcasting
 + Level 3.4 Transmutations
 - Level 2.0 Poison Magic


You had 4 spell levels left.
You knew the following spells:

 Your Spells              Type           Power      Damage    Failure   Level
a - Beastly Appendage     Tmut           24%        N/A       4%          1
b - Spider Form           Tmut/Pois      10%        N/A       19%         3
c - Ice Form              Ice/Tmut       7%         N/A       67%         4

Your spell library contained the following spells:

 Spells                   Type           Power      Damage    Failure   Level
 Wereblood                Tmut           12%        N/A       7%          2
 Apportation              Tloc           4%         N/A       21%         1
 Alistair's Intoxication  Tmut/Pois      6%         N/A       87%         5
 Invisibility             Hex            1%         N/A       100%        6


Dungeon Overview and Level Annotations

Branches:
Dungeon (4/15)             Temple (1/1) D:4

Altars:

Annotations:
D:4 Crazy Yiuf


Innate Abilities, Weirdness & Mutations

You can breathe blasts of scalding, opaque steam.
Your pale cyan-grey scales are hard. (AC +6)
You cannot fit into any form of body armour.
You are cold-blooded and may be slowed by cold attacks.
You are immune to the effects of steam.


Message History

You exhale a blast of scalding steam.
The ball of steam hits the hell hog.
The hell hog completely resists.
Casting: Ice Form (quite dangerous; 67% risk of failure)
Confirm with . or Enter, or press ? or * to list all spells.
The spell is quite dangerous to cast (67% risk of failure)!
Continue anyway? [Y]es or [N]o only, please.
The spell is quite dangerous to cast (67% risk of failure)!
Continue anyway?
You miscast Ice Form.
You are very lightly contaminated with residual magic.
You are caught in an explosion of ice and frost!
The hell hog bites you!
Casting: Ice Form (quite dangerous; 67% risk of failure)
Confirm with . or Enter, or press ? or * to list all spells.
The spell is quite dangerous to cast (67% risk of failure)!
Continue anyway? [Y]es or [N]o only, please.
The spell is quite dangerous to cast (67% risk of failure)!
Continue anyway?
Okay, then.
Casting: Ice Form (quite dangerous; 67% risk of failure)
Confirm with . or Enter, or press ? or * to list all spells.
You miscast Spider Form.
Nothing appears to happen.
The hell hog bites you.
You hit the hell hog. You tail-slap the hell hog.
The hell hog is lightly wounded.
The hell hog bites you but does no damage.
The hell hog barely misses you.
You closely miss the hell hog.
The hell hog is lightly wounded.
The hell hog breathes fire at you.
The fireball explodes!
The fireball engulfs you!!
* * * LOW HITPOINT WARNING * * *
The fireball engulfs the hell hog.
The hell hog completely resists.
You hear a bellow!
You hear an angry squeal. x2
You closely miss the hell hog.
The hell hog is lightly wounded.
The hell hog bites you but does no damage.
Okay, then.
As you read the scroll labelled SUQI NIROSM, it crumbles to dust.
You feel strangely unstable.
You feel the power of the Abyss delaying your translocation!
It was a scroll of teleportation.
The hell hog bites you!
You die...

# #.. ..# .#.
#. #
#....###.###.#
##. ..
##....#.
.#.#...
#........[#..
.# . ##
###...).....
.. .
#...#..###
##..# ..# .
#.#.#..... .#
##. ##h.# #.#
# #.#...# #.@#
# #h## #
#..$...# #. #
... ###...##
#. ..# .
.)##.# .. .
... #.. ...###
..#. .#. # ##
. # #


You could see a hell hog (catching breath).

Vanquished Creatures
  Menkaure (D:4)
  A phantom (D:4)
  A centaur zombie (D:3)
  3 jellies (D:4)
  An orc priest (D:3)
  A bullfrog skeleton (D:3)
  Ijyb (D:4)
  An iguana (D:4)
  A hound skeleton (D:4)
  4 adders
  A shadow imp (D:3)
  An ufetubus (D:4)
  An adder skeleton (D:4)
  A worm (D:2)
  3 dart slugs
  10 orcs
  7 bats
  6 endoplasms
  3 giant cockroaches
  9 goblins
  8 hobgoblins
  5 kobolds
  6 ball pythons
  2 frilled lizards
  4 rats
82 creatures vanquished.

Notes
Turn   | Place    | Note
-------+----------+-------------------------------------------
     0 | D:1      | kae the Draconian Transmuter began the quest for the Orb.
     0 | D:1      | Reached XP level 1. HP: 16/16 MP: 3/3
   224 | D:1      | Reached XP level 2. HP: 20/23 MP: 3/5
   412 | D:1      | Found a faded altar of an unknown god.
  1043 | D:2      | Reached XP level 3. HP: 14/28 MP: 4/6
  1261 | D:2      | Learned a level 3 spell: Spider Form
  2183 | D:2      | Reached XP level 4. HP: 16/36 MP: 3/7
  2385 | D:3      | Reached skill level 1 in Poison Magic
  2796 | D:3      | Reached XP level 5. HP: 36/41 MP: 6/8
  3786 | D:4      | Noticed Ijyb
  3807 | D:4      | Killed Ijyb
  3808 | D:4      | Reached skill level 4 in Unarmed Combat
  4146 | D:4      | Reached XP level 6. HP: 39/50 MP: 3/10
  4407 | D:4      | Found a staircase to the Ecumenical Temple.
  4418 | D:4      | Noticed Menkaure
  4437 | Temple   | Entered the Ecumenical Temple
  4563 | Temple   | Learned a level 4 spell: Ice Form
  4571 | D:4      | Killed Menkaure
  5110 | D:4      | Reached skill level 5 in Unarmed Combat
  5110 | D:4      | Your scales start taking on a pale cyan-grey colour.
  5110 | D:4      | Reached XP level 7. HP: 43/57 MP: 4/11
  5110 | D:4      | Gained mutation: You are immune to the effects of steam.
                  | [Pale Draconian growth]
  5532 | D:4      | Found a runed translucent door.
  5533 | D:4      | Noticed Crazy Yiuf
  5642 | D:4      | Cast into level 1 of the Abyss (Crazy Yiuf)
  5664 | Abyss:1  | Noticed a raiju
  5703 | Abyss:1  | Noticed a hell hog
  5717 | Abyss:1  | Slain by a hell hog

Illustrated notes

Levels and vault maps discovered:
D:1:      dpeg_arrival_three_bigger_balls, layout_basic,
          shapermc_ecumenical_altar_gd, minmay_close_crescents
D:2:      layout_loops_ring
D:3:      layout_loops_corners, amcnicky_mini_pool_small, grunt_decor_clamped,
          kennysheep_generic_room_11
D:4:      layout_loops_ring, minmay_temple_entry_waves, minmay_liquid_box,
          uniq_ijyb, uniq_menkaure, uniq_crazy_yiuf_cottage
Temple:   regret_index_temple_sphere_string
Abyss:1:  base:
D:4

Skill      XL: |  1  2  3  4  5  6 |
---------------+-------------------+-----
Dodging        | 2 3 |  3.3
Fighting       | 2 3 |  3.4
Poison Magic   | 1 2 |  2.0
Unarmed Combat | 4 5 |  5.1
Transmutations | 3 |  3.4
Spellcasting   | 3 |  3.1

Action                   |  1- 3 |  4- 6 |  7- 9 || total
-------------------------+-------+-------+-------++-------
Melee: Unarmed           |   125 |   124 |    19 ||   268
       Tailslap          |     8 |     7 |     1 ||    16
       Kick              |    11 |    16 |     4 ||    31
       Headbutt          |     5 |    14 |     2 ||    21
       Punch             |     1 |     3 |       ||     4
 Cast: Beastly Appendage |    22 |    15 |     3 ||    40
       Spider Form       |     1 |     5 |     1 ||     7
       Ice Form          |       |     2 |       ||     2
 Abil: Breathe Steam     |       |       |     2 ||     2
  Use: Scroll            |     3 |     2 |     1 ||     6
 Stab: Sleeping          |     1 |       |       ||     1
Armor: Skin              |    33 |    36 |     7 ||    76
Dodge: Dodged            |    85 |    85 |    24 ||   194

Table legend: (Time is in decaauts)
 A = Elapsed time spent in this place.
 B = Non-inter-level travel time spent in this place.
 C = Inter-level travel time spent in this place.
 D = Time resting spent in this place.
 E = Time spent auto-exploring this place.
 F = Levels seen in this place.
 G = Mean time per level.
                   A        B        C        D        E       F      G
               +--------+--------+--------+--------+--------+-----+--------+
         Total |   5704 |   5607 |     97 |    512 |   4339 |   6 |  950.7 |
       Dungeon |   5502 |   5405 |     97 |    351 |   4339 |   4 | 1375.5 |
        Temple |    127 |    127 |      0 |    120 |      0 |   1 |  127.0 |
         Abyss |     74 |     74 |      0 |     41 |      0 |   1 |   74.0 |
               +--------+--------+--------+--------+--------+-----+--------+

Top non-repeatable levels by time:
     D:4: 1734 daAuts
     D:2: 1421 daAuts
     D:3: 1324 daAuts
     D:1: 1022 daAuts
  Temple: 127 daAuts
 Abyss:1: 74 daAuts
